 Dungeon Crawl Stone Soup version 0.31-a0-1576-ga3383bade6 (webtiles) character file.

Game seed: 4675309901000425258

159 lunkers the Cutter (level 5, -2/27 HPs)
             Began as a Vine Stalker Fighter on Jan 4, 2024.
             Incinerated by a bombardier beetle (4 damage)
             ... with a burning spray
             ... on level 3 of the Dungeon.
             The game lasted 00:02:00 (1394 turns).

lunkers the Cutter (Vine Stalker Fighter)           Turns: 1394, Time: 00:02:00

Health: -2/27      AC:  9    Str: 19    XL:     5   Next: 40%
Magic:  0/6        EV: 24    Int:  8    God:
Gold:   107        SH:  5    Dex: 15    Spells: 4/4 levels left

rFire   . . .        a - +0 rapier
rCold   . . .        c - +0 buckler
rNeg    . . .        b - +0 scale mail
rPois   .            (no helmet)
rElec   .            (no cloak)
rCorr   .            (no gloves)
SInv    .            q - +2 pair of boots
Will    .....        e - amulet of the acrobat Stlth
                     (no ring)
HPRegen 1.04/turn    (no ring)
MPRegen 0.10/turn

%: acrobat, guardian spirit
@: on fire, acrobatic, glowing
A: fangs 2, regeneration 1, magic shield, antimagic bite, no potion heal 2
a: no special abilities


You were on level 3 of the Dungeon.
You visited 1 branch of the dungeon, and saw 3 of its levels.

You collected 107 gold pieces.

Inventory:

Hand Weapons
 a - a +0 rapier (weapon)
Armour
 b - a +0 scale mail (worn)
 c - a +0 buckler (worn)
 q - a +2 pair of boots (worn)
Jewellery
 e - an amulet of the acrobat (around neck)
 j - a ring of ice
Wands
 m - a wand of roots (7)
 n - a wand of flame (25)
Scrolls
 f - 2 scrolls of blinking {unknown}
 h - 3 scrolls of identify {unknown}
 l - a scroll of immolation {unknown}
 o - a scroll of fear {unknown}
Potions
 d - a potion of might
 g - 2 potions of degeneration {unknown}
 i - a potion of resistance {unknown}
 k - 2 potions of curing {unknown}
 p - a potion of mutation {unknown}
 r - a potion of attraction {unknown}


   Skills:
 - Level 2.6 Fighting
 + Level 5.0 Short Blades
 - Level 2.4 Armour
 - Level 2.6 Shields


You had 4 spell levels left.
You didn't know any spells.
Your spell library was empty.

Dungeon Overview and Level Annotations

Branches:
Dungeon (3/15)

Altars:
Elyvilon

Shops:
D:2 (?*


Innate Abilities, Weirdness & Mutations

You have extremely sharp teeth.
Your natural rate of healing is unusually fast.
When hurt, damage is shared between your health and your magic reserves.
Your bite disrupts and absorbs the magic of your enemies.
Potions cannot restore your health.


Message History

The bombardier beetle bites you but does no damage.
You hit the bombardier beetle but do no damage.
You bite the bombardier beetle. You drain its power.
You feel invigorated.
The bombardier beetle is almost dead.
The liquid fire burns you!
* * * LOW HITPOINT WARNING * * *
You barely miss the bombardier beetle. You bite the bombardier beetle.
You kill the bombardier beetle!
The liquid fire burns you!
* * * LOW HITPOINT WARNING * * *
You closely miss the orc. The liquid fire burns you!
* * * LOW HITPOINT WARNING * * *
You block the orc's attack.
You closely miss the orc. The liquid fire burns you!
* * * LOW HITPOINT WARNING * * *
You block the orc's attack.
You hit the orc.
The orc is almost dead.
The liquid fire burns you!
* * * LOW HITPOINT WARNING * * *
The orc barely misses you.
You closely miss the orc.
The orc is almost dead.
The liquid fire burns you!
* * * LOW HITPOINT WARNING * * *
You hit the orc.
You kill the orc!
The liquid fire burns you!
* * * LOW HITPOINT WARNING * * *
Your Short Blades skill increases to level 5!
You shake off some of the fire as you move.
The liquid fire burns you!
* * * LOW HITPOINT WARNING * * *
Items here: )))) ††††.
You shake off some of the fire as you move.
The liquid fire burns you!
* * * LOW MAGIC WARNING * * *
You die...

### ## #.# .# #.##.. #.##.######
#.#........ #########.##.#...#
#.....@)....?....#
#.##.###..#..#...# #.##.#
#..#..#...# .
##'##.###..#o.##..####.#
#####......##.......B......#
#.................o..o#.....
######.###.................o.....
....##.# #................)......
....##.# #......###.#..###)..##..


There were no monsters in sight!

Vanquished Creatures
  A bombardier beetle (D:3)
  An orc wizard (D:3)
  2 adders (D:2)
  A ribbon worm (D:2)
  9 orcs (D:3)
  4 ball pythons
  3 bats
  3 endoplasms (D:1)
  2 giant cockroaches
  3 goblins (D:2)
  11 hobgoblins
  5 jackals
  2 kobolds
  3 quokkas (D:1)
  5 frilled lizards (D:1)
  15 rats
70 creatures vanquished.

Notes
Turn   | Place    | Note
-------+----------+-------------------------------------------
     0 | D:1      | lunkers the Vine Stalker Fighter began the quest for the
                  | Orb.
     0 | D:1      | Reached XP level 1. HP: 11/11 MP: 2/2
    24 | D:1      | Reached skill level 2 in Short Blades
   150 | D:1      | Reached XP level 2. HP: 13/16 MP: 1/3
   318 | D:1      | Reached skill level 3 in Short Blades
   368 | D:1      | Reached XP level 3. HP: 19/19 MP: 4/4
   551 | D:2      | Found Mewnad's Antique Weapon Emporium.
   782 | D:2      | Found Cauviop's Magic Scroll Shop.
   785 | D:2      | Found Atahass's General Store.
   829 | D:2      | Reached XP level 4. HP: 23/23 MP: 5/5
  1000 | D:2      | Reached skill level 4 in Short Blades
  1275 | D:3      | Found a white marble altar of Elyvilon.
  1365 | D:3      | Reached XP level 5. HP: 27/27 MP: 6/6
  1393 | D:3      | Reached skill level 5 in Short Blades
  1393 | D:3      | HP: 1/27 [burnt (3)]
  1394 | D:3      | Incinerated by a bombardier beetle

Illustrated notes

Levels and vault maps discovered:
D:1:      onia_arrival_pyramid, layout_basic
D:2:      layout_basic, serial_shops, shop, nicolae_shop_waterfront, shop,
          st_stairs_10, minmay_misc_feat_square, minivault_19,
          minmay_rat_gold_closets
D:3:      layout_basic, lemuel_doored_altar, elyvilon_altar_3,
          minmay_fractal_squares_gapless_5

Skill      XL: |  1  2  3  4  5 |
---------------+----------------+-----
Short Blades   | 2 3 4 5 |  5.0
Fighting       | |  2.6
Armour         | |  2.4
Shields        | |  2.6

Action                     |  1- 3 |  4- 6 || total
---------------------------+-------+-------++-------
  Melee: Rapier            |   103 |   102 ||   205
         Bite              |    28 |    33 ||    61
 Armour: Scale mail        |    72 |    45 ||   117
  Dodge: Dodged            |    54 |    49 ||   103
  Block: Buckler           |    19 |    29 ||    48

Table legend: (Time is in decaauts)
 A = Elapsed time spent in this place.
 B = Non-inter-level travel time spent in this place.
 C = Inter-level travel time spent in this place.
 D = Time resting spent in this place.
 E = Time spent auto-exploring this place.
 F = Levels seen in this place.
 G = Mean time per level.
                   A        B        C        D        E       F      G
               +--------+--------+--------+--------+--------+-----+--------+
         Total |   1405 |   1367 |     38 |      0 |    952 |   3 |  468.3 |
       Dungeon |   1405 |   1367 |     38 |      0 |    952 |   3 |  468.3 |
               +--------+--------+--------+--------+--------+-----+--------+

Top non-repeatable levels by time:
     D:2: 673 daAuts
     D:1: 557 daAuts
     D:3: 173 daAuts
